 Dungeon Crawl Stone Soup version 0.27.0-1-g7a089689b8 (webtiles) character file.

Game seed: 17143150172882100768

16 Hoon the Digger (level 2, 0/15 HPs)
             Began as a Gargoyle Earth Elementalist on Aug 14, 2021.
             Slain by a gnoll (6 damage)
             ... on level 1 of the Dungeon.
             The game lasted 00:07:20 (990 turns).

Hoon the Digger (Gargoyle Earth Elementalist)        Turns: 990, Time: 00:07:23

Health: 0/15       AC:  4    Str: 11    XL:     2   Next: 54%
Magic:  2/5        EV: 12    Int: 15    God:
Gold:   76         SH:  0    Dex: 16    Spells: 4/5 levels left

rFire    . . .     SeeInvis .   a - +0 short sword
rCold    . . .     Faith    .   (no shield)
rNeg     + . .     Spirit   .   b - +0 robe
rPois    ∞         Reflect  .   (no helmet)
rElec    +         Harm     .   (no cloak)
rCorr    .         Rampage  .   (no gloves)
Will     +....                  (no boots)
Stlth    ++........             (no amulet)
HPRegen  0.05/turn              d - ring of willpower
MPRegen  0.09/turn              g - +6 ring of dexterity

@: no status effects
A: sickness immunity, AC +2, negative energy resistance 1, electricity
resistance, torment resistance 1, petrification resistance
a: no special abilities


You were on level 1 of the Dungeon.
You visited 1 branch of the dungeon, and saw 1 of its levels.

You collected 76 gold pieces.

Inventory:

Hand Weapons
 a - a +0 short sword (weapon)
Missiles
 c - 23 stones
Armour
 b - a +0 robe (worn)
Jewellery
 d - a ring of willpower (left hand)
 g - a +6 ring of dexterity (right hand)
Potions
 e - a potion of invisibility {unknown}
 f - a potion of flight {unknown}


   Skills:
 + Level 0.3 Short Blades
 + Level 1.6 Dodging
 + Level 2.5 Stealth
 + Level 2.1 Spellcasting
 + Level 0.7 Transmutations
 + Level 4.2 Earth Magic


You had 4 spell levels left.
You knew the following spells:

 Your Spells              Type           Power      Damage    Failure   Level
a - Sandblast             Erth           28%        2d8       4%          1

Your spell library contained the following spells:

 Spells                   Type           Power      Damage    Failure   Level
 Passwall                 Tmut/Erth      6%         N/A       12%         2
 Stone Arrow              Conj/Erth      14%        3d7       28%         3
 Petrify                  Tmut/Erth      8%         N/A       63%         4


Dungeon Overview and Level Annotations

Branches:
Dungeon (1/15)

Altars:

Shops:
D:1 [(**!


Innate Abilities, Weirdness & Mutations

You are immune to sickness and miasma.
Your stone body is resilient. (AC +2)
You are immune to poison.
You resist negative energy. (rN+)
You are resistant to electric shocks. (rElec)
You are resistant to unholy torment.
You are immune to petrification.


Message History

You hit the goblin.
You kill the goblin!
You see here a +0 club.
You now have 76 gold pieces (gained 9).
A giant cockroach comes into view.
Casting: Sandblast (safe; 4% risk of failure)
Confirm with . or Enter, or press ? or * to list all spells.
Aiming: Sandblast (safe; 4% risk of failure)
Press: ? - help, Shift-Dir - straight line, f - gnoll
Aim: a gnoll, wielding a +0 spear (wandering, hasn't noticed you, 82% to hit)
The blast of sand hits the gnoll.
The gnoll is moderately wounded.
The gnoll closely misses you. The gnoll misses you.
Casting: Sandblast (safe; 4% risk of failure)
Confirm with . or Enter, or press ? or * to list all spells.
Aiming: Sandblast (safe; 4% risk of failure)
Press: ? - help, Shift-Dir - straight line, f/p - gnoll
Aim: a gnoll, wielding a +0 spear (moderately wounded, 82% to hit)
The blast of sand hits the gnoll.
The gnoll is heavily wounded.
The gnoll hits you but does no damage.
You barely miss the gnoll.
The gnoll is heavily wounded.
The gnoll misses you. The gnoll hits you with a +0 spear.
You hit the gnoll.
The gnoll is severely wounded.
The gnoll hits you with a +0 spear.
You closely miss the gnoll.
The gnoll is severely wounded.
The gnoll hits you but does no damage.
Casting: Sandblast (safe; 4% risk of failure)
Confirm with . or Enter, or press ? or * to list all spells.
Aiming: Sandblast (safe; 4% risk of failure)
Press: ? - help, Shift-Dir - straight line, f/p - gnoll
Aim: a gnoll, wielding a +0 spear (heavily wounded, 82% to hit)
The blast of sand hits the gnoll.
The gnoll is almost dead.
The gnoll hits you with a +0 spear.
You die...

## .### # .g..#
#.###. ..# #.#((
.. #...###B#
#.g.#.# ##.#@..#
#..##### #####.##
#.)....# #......#
#......# #
#......########
##
#.......†......
..
#####.....#######
##


You could see a gnoll.

Vanquished Creatures
  A giant cockroach (D:1)
  4 goblins (D:1)
  2 hobgoblins (D:1)
  2 jackals (D:1)
  A ball python (D:1)
  A bat (D:1)
  A frilled lizard (D:1)
  2 rats (D:1)
14 creatures vanquished.

Notes
Turn   | Place    | Note
-------+----------+-------------------------------------------
     0 | D:1      | Hoon the Gargoyle Earth Elementalist began the quest for
                  | the Orb.
     0 | D:1      | Reached XP level 1. HP: 10/10 MP: 3/3
    71 | D:1      | Found Jeduwnar's Antique Armour Emporium.
   322 | D:1      | Reached skill level 4 in Earth Magic
   501 | D:1      | Found Wuloch's Antique Weapon Shop.
   517 | D:1      | Found Enneabu's Assorted Antiques.
   525 | D:1      | Reached XP level 2. HP: 15/15 MP: 5/5
   529 | D:1      | Found Damamiom's Distillery.
   774 | D:1      | Found Xemnienn's Assorted Antiques.
   990 | D:1      | Slain by a gnoll

Illustrated notes

Levels and vault maps discovered:
D:1:      psy_arrival_fountain, layout_rooms, serial_shops, shop, shop,
          shop_statue, nicolae_shop_trees, nicolae_shop_stone,
          minmay_pentomino_t2

Skill      XL: |  1 |
---------------+----+-----
Earth Magic    | 4 |  4.2
Short Blades   | |  0.3
Dodging        | |  1.6
Stealth        | |  2.5
Spellcasting   | |  2.1
Transmutations | |  0.7

Action                   || total
-------------------------++-------
Melee: Short sword       ||    48
 Cast: Sandblast         ||     7
Armor: Robe              ||    19
Dodge: Dodged            ||    30
